 Dungeon Crawl Stone Soup version 0.28-a0-1447-ga5a8893891 (webtiles) character file.

Game seed: 2658258827380304695

39 cheechan the Caller (level 3, -3/21 HPs)
             Began as an Octopode Summoner on Jan 11, 2022.
             Was an Initiate of Yredelemnul.
             Slain by an orc (6 damage)
             ... on level 2 of the Dungeon.
             The game lasted 00:04:49 (989 turns).

cheechan the Caller (Octopode Summoner)              Turns: 989, Time: 00:04:51

Health: -3/21      AC:  1    Str:  7    XL:     3   Next: 47%
Magic:  5/6        EV: 13    Int: 19    God:    Yredelemnul [......]
Gold:   51         SH:  0    Dex: 18    Spells: 1/6 levels left

rFire   . . .      SeeInvis .   e - +0 war axe
rCold   . . .      Faith    .   (no shield)
rNeg    + . .      Spirit   .   (helmet restricted)
rPois   .          Reflect  .   (no amulet)
rElec   .          Harm     .   f - +6 ring of dexterity
rCorr   .          Rampage  .   a - ring of positive energy
Will    .....                   (no ring)
Stlth   +++.......              (no ring)
HPRegen 0.07/turn               (no ring)
MPRegen 0.10/turn               (no ring)
                                (no ring)
                                (no ring)

@: no status effects
A: almost no armour, amphibious, 8 rings, camouflage 1, gelatinous body 1,
(nimble swimmer 1), tentacles
a: Renounce Religion, Recall Undead Harvest


You were on level 2 of the Dungeon.
You worshipped Yredelemnul.
Yredelemnul was noncommittal.
You visited 1 branch of the dungeon, and saw 2 of its levels.

You collected 51 gold pieces.

Inventory:

Hand Weapons
 e - a +0 war axe (weapon)
Missiles
 b - 52 arrows
Magical Staves
 d - a staff of poison
Jewellery
 a - a ring of positive energy (right tentacle)
 f - a +6 ring of dexterity (left tentacle)
Scrolls
 c - 2 scrolls of teleportation
Potions
 g - a potion of berserk rage


   Skills:
 + Level 0.1 Axes
 + Level 2.1 Dodging
 + Level 2.9 Stealth
 + Level 2.4 Spellcasting
 + Level 4.7 Summonings


You had one spell level left.
You knew the following spells:

 Your Spells              Type           Power      Damage    Failure   Level
a - Call Imp              Summ           20%        N/A       3%          2
b - Shock                 Conj/Air       8%         1d3       16%         1
c - Blink                 Tloc           4%         N/A       24%         2

Your spell library contained the following spells:

 Spells                   Type           Power      Damage    Failure   Level
 Summon Small Mammal      Summ           80%        N/A       2%          1
 Call Canine Familiar     Summ           20%        N/A       7%          3
 Summon Guardian Golem    Hex/Summ       11%        N/A       19%         3
 Lesser Beckoning         Tloc           2%         N/A       43%         3
 Swiftness                Air            2%         N/A       43%         3
 Summon Lightning Spire   Summ/Air       11%        N/A       52%         4
 Airstrike                Air            1%         N/A       85%         4
 Manifold Assault         Tloc           2%         N/A       99%         5


Dungeon Overview and Level Annotations

Branches:
Dungeon (2/15)

Altars:
Yredelemnul


Innate Abilities, Weirdness & Mutations

You cannot wear most types of armour.
You are amphibious.
You can wear up to eight rings at the same time.
Your skin changes colour to match your surroundings (Stealth+).
Your rubbery body absorbs attacks. (AC +1, EV +1)
((You are camouflaged when in or above water. (Stealth+)))
You have tentacles for arms and can constrict up to eight enemies at once.


Message History

The bat misses you.
Your crimson imp hits the bat but does no damage.
Casting: Call Imp (safe; 3% risk of failure)
Confirm with . or Enter, or press ? or * to list all spells.
A beastly little devil appears in a puff of flame.
Your crimson imp disappears in a puff of smoke!
The bat hits you.
An adder comes into view.
The bat closely misses you. The kobold barely misses you.
Your crimson imp barely misses the bat.
You closely miss the bat. Your grab misses the bat.
Your squeeze misses the bat. You closely miss the kobold.
The bat closely misses you. The bat barely misses you.
The kobold hits you but does no damage. The adder bites you.
The bat closely misses you.
Your crimson imp closely misses the bat.
The kobold barely misses you. The adder closely misses you.
You hit the adder. You grab the adder.
The adder is heavily wounded.
You miss the kobold. You barely miss the bat. You constrict the adder.
The bat hits you. The bat barely misses you.
Your crimson imp misses the bat.
The kobold barely misses you. The adder closely misses you.
The bat closely misses you.
Your crimson imp misses the bat.
The kobold hits you with a +0 short sword.
You slash the adder!
You kill the adder!
You barely miss the kobold. You hit the bat. The bat barely misses you.
Your crimson imp blinks!
The kobold barely misses you. The orc barely misses you.
You hit the kobold.
You kill the kobold!
You hit the orc but do no damage. The bat closely misses you.
The orc hits you with a +0 flail.
You hit the orc. Your grab misses the orc.
The orc is lightly wounded.
The bat hits you. The orc hits you with a +0 flail.
* * * LOW HITPOINT WARNING * * *
The bat completely misses you. The orc hits you with a +0 flail.
You die...
Your body rises from the dead as a mindless zombie.

.###.........##.....##
...................######
....#.##................#
..#......######.........#
#.....## #
##......>.######
###...##.#
###5............#
..........
#..........####...
......##. #.#.o......#
......# ...#@)......#
......# .... #b#......#
......# ..... #.#......#
......# .... ........##
......# .... ##.#.......
......# ..........#
......# ............
...^.!# ... #######


You could see an orc, a bat (ally target) and a friendly crimson imp (summoned).

Vanquished Creatures
  An adder (D:2)
  A bat (D:2)
  A giant cockroach (D:2)
  2 ball pythons (D:1)
  A frilled lizard (D:2)
  3 kobolds
9 creatures vanquished.

Vanquished Creatures (collateral kills)
  2 bats
  An endoplasm (D:1)
  2 giant cockroaches
  4 goblins (D:1)
  3 hobgoblins (D:1)
  A kobold (D:1)
  A quokka (D:1)
  A ball python (D:1)
  A frilled lizard (D:1)
  A rat (D:1)
17 creatures vanquished.

Vanquished Creatures (others)
  A spectral endoplasm (D:1)
1 creature vanquished.

Grand Total: 27 creatures vanquished

Notes
Turn   | Place    | Note
-------+----------+-------------------------------------------
     0 | D:1      | cheechan the Octopode Summoner began the quest for the Orb.
     0 | D:1      | Reached XP level 1. HP: 11/11 MP: 3/3
   262 | D:1      | Found a faded altar of an unknown god.
   271 | D:1      | Reached XP level 2. HP: 3/17 MP: 0/5
   293 | D:1      | Prayed at the altar of an unknown god.
   293 | D:1      | Became a worshipper of Yredelemnul the Dark
   293 | D:1      | Reached * piety under Yredelemnul
   422 | D:1      | Learned a level 2 spell: Call Imp
   424 | D:1      | Learned a level 1 spell: Shock
   677 | D:1      | Reached ** piety under Yredelemnul
   804 | D:2      | Learned a level 2 spell: Blink
   838 | D:2      | Reached XP level 3. HP: 20/21 MP: 3/6
   989 | D:2      | Slain by an orc

Illustrated notes

Levels and vault maps discovered:
D:1:      dpeg_arrival_central, layout_rooms, chequers_ecumenical_altar_island,
          ebering_dispersal_statue_hall, minmay_misc_feat_rugged
D:2:      layout_rooms

Action                   || total
-------------------------++-------
Melee: Unarmed           ||     8
       Constrict         ||     6
       Tentacles         ||     4
       War axe           ||     8
 Cast: Summon Small Mamm ||     8
       Call Imp          ||    11
       Blink             ||     1
  Use: Scroll            ||     5
Armor: Skin              ||     2
Dodge: Dodged            ||    33

Table legend: (Time is in decaauts)
 A = Elapsed time spent in this place.
 B = Non-inter-level travel time spent in this place.
 C = Inter-level travel time spent in this place.
 D = Time resting spent in this place.
 E = Time spent auto-exploring this place.
 F = Levels seen in this place.
 G = Mean time per level.
                   A        B        C        D        E       F      G
               +--------+--------+--------+--------+--------+-----+--------+
         Total |    990 |    990 |      0 |      0 |      0 |   2 |  495.0 |
       Dungeon |    990 |    990 |      0 |      0 |      0 |   2 |  495.0 |
               +--------+--------+--------+--------+--------+-----+--------+

Top non-repeatable levels by time:
     D:1: 779 daAuts
     D:2: 211 daAuts
